 Dungeon Crawl Stone Soup version 0.13.0-29-gdb529de (webtiles) character file.

406 Imon the Covered (level 6, -1/48 HPs)
             Began as a Human Fighter on Nov 15, 2013.
             Slain by an ogre
             ... wielding a +0,+0 giant club
              (2 damage)
             ... on Level 4 of the Dungeon.
             The game lasted 00:27:07 (3324 turns).

Imon the Covered (Human Fighter)                    Turns: 3324, Time: 00:27:07

HP  -1/48        AC 15     Str 24      XL: 6   Next: 32%
MP   5/5         EV  8     Int  8      God:
Gold 161         SH  0     Dex 13      Spells:  0 memorised,  5 levels left

Res.Fire  : . . .   See Invis. : .   n - +1 battleaxe (curse)
Res.Cold  : . . .   Warding    : .   k - +2 plate armour
Life Prot.: + . .   Conserve   : .   (no shield)
Res.Poison: .       Res.Corr.  : .   (no helmet)
Res.Elec. : .       Clarity    : .   x - +0 cloak
Sust.Abil.: . .     Spirit.Shd : .   (no gloves)
Res.Mut.  : .       Stasis     : .   (no boots)
Res.Rott. : .       Flight     : .   (no amulet)
Saprovore : . . .                    o - ring of positive energy {unknown}
                                     s - +1 ring of dexterity

@: mighty, slightly resistant to hostile enchantments, extremely unstealthy
A: breathe flames 1, screaming 1, slow metabolism 1, spit poison 1, EV +2
a: Spit Poison, Breathe Fire


You were on level 4 of the Dungeon.
You were hungry.

You visited 1 branch of the dungeon, and saw 4 of its levels.

You collected 141 gold pieces.

Inventory:

Hand weapons
 a - a +0,+0 short sword
 g - a +1,+0 short sword
 l - a +0,+0 short sword
 n - a cursed +1,+1 battleaxe (weapon)
 v - a +3,+4 quarterstaff of chaos
 y - a cursed -3,-3 hammer
Missiles
 e - 56 arrows
 p - a dart (quivered)
Armour
 b - a +0 scale mail
 c - a +0 shield
 h - a -1 helmet
 i - a +0 scale mail
 k - a +2 plate armour (worn)
 m - a +0 scale mail
 x - a +0 cloak (worn)
Comestibles
 d - 2 bread rations
 f - a slice of pizza
 w - an apple
Scrolls
 q - a scroll of random uselessness
 r - a scroll of remove curse
 u - a scroll of teleportation
Jewellery
 o - a ring of positive energy (right hand) {unknown}
 s - a +1 ring of dexterity (left hand)
Potions
 j - 2 potions of curing
 t - a potion of berserk rage {unknown}
 z - a potion of agility {unknown}
 A - a potion of might


   Skills:
 + Level 3.7 Fighting
 + Level 2.6 Short Blades
 + Level 1.8 Axes
 + Level 4.5 Armour
 + Level 1.8 Dodging
 + Level 0.2 Stealth
   Level 3.6 Shields


You had 5 spell levels left.
You didn't know any spells.

Dungeon Overview and Level Annotations

Branches:
Dungeon (4/27)
 Temple: D:4-7

Altars:


Innate Abilities, Weirdness & Mutations

You are surrounded by a mild repulsion field (EV +2).
You can breathe flames.
You occasionally shout uncontrollably.
You have a slow metabolism.
You can spit poison.


Message History

A worm comes into view.
Found a bubbling green potion.
You see here 2 potions of might.
A - 2 potions of might The ogre barely misses you.
You hit the ogre but do no damage. The ogre hits you with a giant club!
Drink which item? (? for menu, Esc to quit)
You feel very mighty all of a sudden. The ogre hits you with a giant club!
You barely miss the ogre. The ogre hits you with a giant club!
* * * LOW HITPOINT WARNING * * *
You slash the ogre!
The ogre is heavily wounded.
The ogre hits you but does no damage.
Your plate armour prevents you from hitting the ogre.
The ogre is heavily wounded.
The ogre hits you with a giant club.
* * * LOW HITPOINT WARNING * * *
The ogre hits you with a giant club.
You die...

....... .... ... ....#...
... ###.
........###.#########...
...........>..........%.
........#.#.######.##.#)
#...#....#.#.######'##.#.
........w..........%...#.
##.....#O#.#...........#.
...#...#@#.#.###.......#.
.........#.#.# #.......#.
####.###.#.#.# #.#####.#.
....... ... ..#.
##.###.###.# ##. ... ...
#.# #.. #.# #.# #.. #..#


You could see a worm and an ogre.

Vanquished Creatures
  Crazy Yiuf (D:3)
  An orc wizard (D:3)
  An iguana (D:4)
  Terence (D:2)
  4 adders
  A giant mite (D:3)
  4 worms (D:3)
  3 giant geckos
  6 orcs
  11 bats
  8 goblins
  8 hobgoblins
  4 jackals (D:2)
  2 quokkas (D:3)
  6 giant cockroaches
  3 giant newts
  13 kobolds
  6 rats
  3 fungi (D:3)
86 creatures vanquished.

Notes
Turn   | Place    | Note
--------------------------------------------------------------
     0 | D:1      | Imon, the Human Fighter, began the quest for the Orb.
     0 | D:1      | Reached XP level 1. HP: 18/18 MP: 0/0
    67 | D:1      | Reached XP level 2. HP: 24/24 MP: 1/1
   279 | D:1      | Gained mutation: You can spit poison. [potion of mutation]
   279 | D:1      | Gained mutation: You are surrounded by a mild repulsion field (EV +2). [potion of mutation]
   289 | D:1      | Reached XP level 3. HP: 27/30 MP: 2/2
   295 | D:1      | Gained mutation: You can breathe flames. [potion of mutation]
   295 | D:1      | Gained mutation: You occasionally shout uncontrollably. [potion of mutation]
   295 | D:1      | Gained mutation: You have a slow metabolism. [potion of mutation]
  1115 | D:2      | Noticed Terence
  1149 | D:2      | Reached skill level 1 in Dodging
  1162 | D:2      | Reached XP level 4. HP: 30/36 MP: 3/3
  1193 | D:2      | Killed Terence
  2058 | D:3      | Reached XP level 5. HP: 21/42 MP: 4/4
  2253 | D:3      | Reached skill level 4 in Armour
  2490 | D:3      | Reached skill level 1 in Axes
  2586 | D:3      | Noticed Crazy Yiuf
  2596 | D:3      | Killed Crazy Yiuf
  2737 | D:3      | Reached XP level 6. HP: 44/48 MP: 5/5
  3324 | D:4      | HP: 1/48 [ogre/giant club (4)]
  3324 | D:4      | Slain by an ogre

Action                   |  1- 3 |  4- 6 || total
-------------------------+-------+-------++-------
Melee: Short sword       |   138 |    37 ||   175
       Battleaxe         |       |   189 ||   189
 Abil: Breathe Fire      |       |     1 ||     1
  Use: Scroll            |     5 |     6 ||    11
       Potion            |     3 |     7 ||    10
